 Dungeon Crawl Stone Soup version 0.26.1-2-gb8aa6d0cf2 (webtiles) character file.

Game seed: 17857263250775332204

5 Descartes the Firebug (level 1, 0/10 HPs)
             Began as a Deep Elf Wanderer on Mar 25, 2021.
             Slain by a giant cockroach (2 damage)
             ... on level 1 of the Dungeon.
             The game lasted 00:02:04 (247 turns).

Descartes the Firebug (Deep Elf Wanderer)            Turns: 247, Time: 00:02:04

Health: 0/10       AC:  2    Str:  9    XL:     1   Next: 66%
Magic:  0/5        EV: 11    Int: 16    God:
Gold:   0          SH:  0    Dex: 14    Spells: 3/4 levels left

rFire    . . .     SeeInvis .   a - +0 dagger
rCold    . . .     Faith    .   (no shield)
rNeg     . . .     Spirit   .   d - +0 robe
rPois    .         Reflect  .   (no helmet)
rElec    .         Harm     .   (no cloak)
rCorr    .         Rampage  .   (no gloves)
Will     .....                  (no boots)
Stlth    +.........             (no amulet)
HPRegen  0.03/turn              (no ring)
MPRegen  0.09/turn              (no ring)

@: no status effects
A: no striking features
a: no special abilities


You were on level 1 of the Dungeon.
You visited 1 branch of the dungeon, and saw 1 of its levels.

Inventory:

Hand Weapons
 a - a +0 dagger (weapon)
Missiles
 b - 4 poisoned darts (quivered)
Armour
 d - a +0 robe (worn)


   Skills:
 - Level 1.0 Throwing
 + Level 2.1 Spellcasting
 + Level 0.9 Conjurations
 - Level 1.1 Summonings
 - Level 2.1 Translocations
 - Level 3.2 Fire Magic
 - Level 1.1 Earth Magic
 - Level 1.1 Evocations


You had 3 spell levels left.
You knew the following spells:

 Your Spells              Type           Power        Failure   Level
a - Magic Dart            Conj           16%          14%         1

Your spell library contained the following spells:

 Spells                   Type           Power        Failure   Level
 Apportation              Tloc           16%          9%          1
 Summon Small Mammal      Summ           20%          13%         1
 Blink                    Tloc           N/A          13%         2
 Call Imp                 Summ           5%           21%         2
 Conjure Flame            Conj/Fire      8%           26%         3
 Slow                     Hex            1%           30%         2
 Portal Projectile        Hex/Tloc       10%          36%         3
 Summon Guardian Golem    Hex/Summ       3%           45%         3
 Mephitic Cloud           Conj/Pois/Air  2%           47%         3


Dungeon Overview and Level Annotations

Branches:
Dungeon (1/15)

Altars:


Message History

Press: ? - help, Shift-Dir - straight line, f/p - giant cockroach
Aim: a giant cockroach (almost dead, 0% to evade)
The magic dart hits the giant cockroach but does no damage.
The giant cockroach is almost dead.
The giant cockroach barely misses you.
Casting: Magic Dart (safe; 14% risk of failure)
Confirm with . or Enter, or press ? or * to list all spells.
You don't have enough magic to cast that spell.
Unknown command.
You hit the giant cockroach but do no damage.
The giant cockroach is almost dead.
The giant cockroach bites you but does no damage.
The giant cockroach barely misses you.
You barely miss the giant cockroach.
The giant cockroach is almost dead.
The giant cockroach bites you but does no damage.
You hit the giant cockroach but do no damage.
The giant cockroach is almost dead.
The giant cockroach bites you.
You die...

#...............###.####.....
#........)........#..........
#...#....#####.##.#..###.....
#...#....### #..#.#..# ###...
..........# ##.# #..# #.....
..........# .# #..# #.....
.....##....####.#.#... +.....
..................#.####.....
#...#.......@....... ........
.. #...#...B....... ####....
#...#........... ###....
#............... #......
#............##. #......
#.............# #...#..
..........(..# #...#..
.............. #...#.. #..
#..


You could see a giant cockroach.

Vanquished Creatures
  2 goblins (D:1)
  2 hobgoblins (D:1)
  A rat (D:1)
5 creatures vanquished.

Notes
Turn   | Place    | Note
-------+----------+-------------------------------------------
     0 | D:1      | Descartes the Deep Elf Wanderer began the quest for the
                  | Orb.
     0 | D:1      | Descartes set off with the following items: a +0 dagger, a
                  | +0 robe; and the following spells available to memorise:
                  | Apportation, Summon Small Mammal, Blink, Magic Dart, Call
                  | Imp, Slow, Conjure Flame, Portal Projectile, Summon
                  | Guardian Golem, Mephitic Cloud
     0 | D:1      | Reached XP level 1. HP: 10/10 MP: 5/5
     2 | D:1      | Learned a level 1 spell: Magic Dart
   247 | D:1      | Slain by a giant cockroach

Illustrated notes

Levels and vault maps discovered:
D:1:      amcnicky_arrival_double_pillar, layout_basic

Skill      XL: |  1 |
---------------+----+-----
Spellcasting   | 2 |  2.1
Throwing       | |  1.0
Conjurations   | |  0.9
Summonings     | |  1.1
Translocations | |  2.1
Fire Magic     | |  3.2
Earth Magic    | |  1.1
Evocations     | |  1.1

Action                   || total
-------------------------++-------
Melee: Dagger            ||    29
 Cast: Magic Dart        ||    19
Armor: Robe              ||    11
Dodge: Dodged            ||    22
